 Dungeon Crawl Stone Soup version 0.31-a0-1626-g5cb510d322 (webtiles) character file.

Game seed: 12219369676406010859

106 kae the Firebug (level 4, -4/24 HPs)
             Began as a Tengu Fire Elementalist on Jan 12, 2024.
             Slain by a gnoll
             ... wielding a +4 halberd
              (16 damage)
             ... on level 2 of the Dungeon.
             The game lasted 00:01:13 (1942 turns).

kae the Firebug (Tengu Fire Elementalist)           Turns: 1942, Time: 00:01:14

Health: -4/24      AC:  2    Str:  9    XL:     4   Next: 84%
Magic:  5/8        EV: 12    Int: 17    God:
Gold:   15         SH:  0    Dex: 14    Spells: 5/8 levels left

rFire   . . .        (no weapon)
rCold   . . .        (no shield)
rNeg    . . .        a - +0 robe
rPois   .            (helmet restricted)
rElec   .            (no cloak)
rCorr   .            (no gloves)
SInv    .            (boots unavailable)
Will    .....        (no amulet)
Stlth   +            (no ring)
HPRegen 0.24/turn    (no ring)
MPRegen 0.11/turn

%: acrobat
@: very slow
A: beak, talons 3, acrobatic
a: no special abilities


You were on level 2 of the Dungeon.
You visited 1 branch of the dungeon, and saw 2 of its levels.

You collected 15 gold pieces.


Innate Abilities, Weirdness & Mutations

You have a beak for a mouth.
You have claws for feet.
You can magically evade attacks while moving or waiting.


   Skills:
 - Level 2.1 Dodging
 - Level 2.0 Stealth
 + Level 2.6 Spellcasting
 * Level 3.8 Conjurations
 * Level 4.5 Fire Magic


You had 5 spell levels left.
You knew the following spells:

 Your Spells              Type           Power      Damage    Failure   Level
a - Foxfire               Conj/Fire      64%        2x1d7     3%          1
b - Scorch                Fire           34%        2d6       4%          2

Your spell library contained the following spells:

 Spells                   Type           Power      Damage    Failure   Level
 Inner Flame              Hex/Fire       9%         N/A       22%         3
 Volatile Blastmotes      Fire/Tloc      18%        2d11      22%         3
 Flame Wave               Conj/Fire      16%        2d7       32%         4

Inventory:

Missiles
 c - 19 stones
Armour
 a - a +0 robe (worn)
Jewellery
 g - an amulet of regeneration
   (You found it on level 1 of the Dungeon)
 A - an amulet of the acrobat
   (You found it on level 1 of the Dungeon)
Scrolls
 d - a scroll of poison {unknown}
 h - 2 scrolls of identify {unknown}
Potions
 b - a potion of magic
 e - a potion of enlightenment {unknown}
 f - 2 potions of attraction {unknown}
 i - 2 potions of curing {unknown}

Dungeon Overview and Level Annotations

Branches:
Dungeon (2/15) Zot: 10050

Altars:

#..[.....
#.......
##.♣♣....
####### #PP....#
#.....##♣......#
#.###.#.P.P..P#
#.# #.P..)~g..#
#.# #...~~~~~.#
#.# #..)§@v♣♣.##
####.#
#.♣~♣§v~♣..#
#....#
#..~~†♣♣...#
#.####
#..~†~~..P.# #.#
#...~♣P..#.###
#####.#
#.#......^.....
......#
#...P....######
♣♣♣#..###
##..#..P..#
♣♣♣♣...#
#.........#


You could see a gnoll (ally target).


Message History

The foxfire hits the hobgoblin. x2
You kill the hobgoblin! 😎 MP[-1]
You lost 1 mp, and now have 7/8 mp.
A gnoll comes into view. It is wielding a +0 spear. 😎 MP[+1]
Your mp is fully restored (8).
A gnoll is nearby!
Casting: Foxfire (safe; 3% risk of failure)
Confirm with . or Enter, or press ? or * to list all spells.
You conjure some foxfire!
The foxfire hits the gnoll. 😎 MP[-1]
You lost 1 mp, and now have 7/8 mp.
A gnoll is nearby!
A gnoll is nearby!
You enter the shallow water.
Moving in this stuff is going to be slow.
Casting: Foxfire (safe; 3% risk of failure)
Confirm with . or Enter, or press ? or * to list all spells.
You conjure some foxfire!
The foxfire hits the gnoll but does no damage.
The foxfire hits the gnoll.
The gnoll misses you. 😎 MP[-1]
You lost 1 mp, and now have 6/8 mp.
Casting: Foxfire (safe; 3% risk of failure)
Confirm with . or Enter, or press ? or * to list all spells.
You conjure some foxfire!
The gnoll hits you from afar with a +0 spear.
The foxfire hits the gnoll. x2; The gnoll barely misses you. 😕 HP[-5] MP[-1]
You take 5 damage, and now have 19/24 hp.
MASSIVE DAMAGE!! (PAUSE)
You lost 1 mp, and now have 5/8 mp.
The gnoll attacks as it pursues you!
The gnoll completely misses you. 😕 HP[+1] MP[+1]
Casting: Foxfire (safe; 3% risk of failure)
Confirm with . or Enter, or press ? or * to list all spells.
You conjure some foxfire!
The gnoll hits you from afar with a +0 spear.
The foxfire hits the gnoll but does no damage.
The gnoll completely misses you. 😮 HP[-6] MP[-1]
You take 6 damage, and now have 14/24 hp.
MASSIVE DAMAGE!! (PAUSE)
You lost 1 mp, and now have 5/8 mp.
The gnoll attacks as it pursues you!
The gnoll splashes around in the water.
Casting: Foxfire (safe; 3% risk of failure)
Confirm with . or Enter, or press ? or * to list all spells.
You conjure some foxfire!
The gnoll completely misses you.
The foxfire hits the gnoll but does no damage.
The foxfire hits the gnoll.
The gnoll is engulfed in a cloud of scalding steam.
You kill the gnoll!
You hear a splash. x2 😮 HP[+1] MP[-1]
You lost 1 mp, and now have 4/8 mp.
Unknown command.
A gnoll comes into view.
It is wielding a +0 whip. 😎 HP[+9] MP[+4]
Your hp is fully restored (24).
Your mp is fully restored (8).
A gnoll is nearby!
A gnoll is nearby!
A gnoll is nearby!
Casting: Foxfire (safe; 3% risk of failure)
Confirm with . or Enter, or press ? or * to list all spells.
You conjure some foxfire!
The gnoll shouts! 😎 MP[-1]
You lost 1 mp, and now have 7/8 mp.
You enter the shallow water.
Moving in this stuff is going to be slow.
The foxfire hits the gnoll. x2
A gnoll comes into view. It is wielding a +4 halberd.
The gnoll shouts!
Casting: Foxfire (safe; 3% risk of failure)
Confirm with . or Enter, or press ? or * to list all spells.
You conjure some foxfire!
The foxfire hits the gnoll. x2 😎 MP[-1]
You lost 1 mp, and now have 6/8 mp.
Casting: Foxfire (safe; 3% risk of failure)
Confirm with . or Enter, or press ? or * to list all spells.
You conjure some foxfire!
The foxfire hits the gnoll. x2
You kill the gnoll!
The gnoll is engulfed in a cloud of scalding steam.
The gnoll hits you from afar with a +4 halberd!
Ouch! That really hurt!
* * * LOW HITPOINT WARNING * * *
😨 HP[-13]
You take 13 damage, and now have 11/24 hp.
MASSIVE DAMAGE!! (PAUSE)
Casting: Foxfire (safe; 3% risk of failure)
Confirm with . or Enter, or press ? or * to list all spells.
You conjure some foxfire!
The gnoll is engulfed in a cloud of scalding steam.
The gnoll hits you from afar with a +4 halberd!
Ouch! That really hurt!
You die...

Skill      XL: |  1  2  3 |
---------------+----------+-----
Conjurations   | 2 3 |  3.8
Fire Magic     | 4 |  4.5
Dodging        | |  2.1
Stealth        | |  2.0
Spellcasting   | |  2.6

Action                     |  1- 3 |  4- 6 || total
---------------------------+-------+-------++-------
  Melee: Unarmed           |     8 |       ||     8
         Kick              |     2 |       ||     2
         Peck              |     1 |       ||     1
         Punch             |     1 |       ||     1
   Cast: Foxfire           |    45 |    29 ||    74
         Scorch            |     6 |     1 ||     7
    Use: Scroll            |     2 |       ||     2
 Armour: Robe              |     3 |     5 ||     8
  Dodge: Dodged            |    14 |     7 ||    21

Levels and vault maps discovered:
D:1:      dpeg_arrival_leaves_temple_mockup, layout_basic, serial_forest,
          infiniplex_forest_diagonal, infiniplex_forest_clump_tiny,
          infiniplex_forest_lined_1, infiniplex_forest_clump_large,
          infiniplex_forest_split
D:2:      layout_loops_ring, serial_shops, nicolae_shop_tiny_waterfront,
          serial_bayou, serial_bayou_pond_a, serial_bayou_ford_a,
          serial_bayou_shore_b, serial_bayou_shore_b,
          nicolae_ecumenical_snake_handling, nicolae_shop_vocational, uniq_robin

Notes
Turn   | Place    | Note
-------+----------+-------------------------------------------
     0 | D:1      | kae the Tengu Fire Elementalist began the quest for the
                  | Orb.
     0 | D:1      | Reached XP level 1. HP: 10/10 MP: 4/4
     0 | D:1      | magus.rc [v1.11.3]
   292 | D:1      | Reached skill level 2 in Conjurations
   292 | D:1      | Reached XP level 2. HP: 15/15 MP: 4/6
   295 | D:1      | Learned a level 2 spell: Scorch
   815 | D:1      | Reached XP level 3. HP: 19/19 MP: 1/7
  1406 | D:2      | Reached skill level 4 in Fire Magic
  1419 | D:2      | Found a faded altar of an unknown god.
  1429 | D:2      | Reached skill level 3 in Conjurations
  1511 | D:2      | Reached XP level 4. HP: 19/24 MP: 4/8
  1772 | D:2      | Identified the +0 leather armour of Henotheism {Int+4}
  1942 | D:2      | Slain by a gnoll

Vanquished Creatures
  4 adders (D:2)
  3 gnolls
  2 dart slugs (D:1)
  A ribbon worm (D:2)
  8 ball pythons
  4 bats (D:1)
  3 endoplasms
  A giant cockroach (D:1)
  5 goblins (D:1)
  2 hobgoblins
  A quokka (D:2)
  A frilled lizard (D:1)
  2 kobolds (D:1)
  2 rats (D:2)
39 creatures vanquished.

Vanquished Creatures (collateral kills)
  2 foxfires (D:2)
2 creatures vanquished.

Vanquished Creatures (others)
  123 foxfires
123 creatures vanquished.

Grand Total: 164 creatures vanquished

Table legend:
 A = Non-vault XP
 B = Vault XP
 C = Vault XP percentage of total XP
 D = Non-vault monster count
 E = Vault monster count
 F = Vault count percentage of total count
                 A         B        C        D         E       F
            +---------+---------+-------+---------+---------+-------
      Total |     145 |       7 |   4.6 |      34 |       5 |  12.8
            +---------+---------+-------+---------+---------+-------
        D:1 |      51 |       0 |   0.0 |      21 |       0 |   0.0
        D:2 |      94 |       7 |   6.9 |      13 |       5 |  27.8
            +---------+---------+-------+---------+---------+-------

Skill      XL: |  1  2  3 |
---------------+----------+-----
Conjurations   | 2 3 |  3.8
Fire Magic     | 4 |  4.5
Dodging        | |  2.1
Stealth        | |  2.0
Spellcasting   | |  2.6

Action                     |  1- 3 |  4- 6 || total
---------------------------+-------+-------++-------
  Melee: Unarmed           |     8 |       ||     8
         Kick              |     2 |       ||     2
         Peck              |     1 |       ||     1
         Punch             |     1 |       ||     1
   Cast: Foxfire           |    45 |    29 ||    74
         Scorch            |     6 |     1 ||     7
    Use: Scroll            |     2 |       ||     2
 Armour: Robe              |     3 |     5 ||     8
  Dodge: Dodged            |    14 |     7 ||    21

Illustrated notes

Table legend:
 A = Kills in this place as a percentage of kills in the entire game.
 B = Kills by you in this place as a percentage of kills by you in the entire game.
 C = Kills by friends in this place as a percentage of kills by friends in the entire game.
 D = Other kills in this place as a percentage of other kills in the entire game.
 E = Experience gained in this place as a percentage of experience gained in the entire game.
 F = Experience gained in this place divided by the number of levels of this place that you have seen.
                   A       B       C       D       E      F
               +-------+-------+-------+-------+-------+----------------------
         Total | 100.0 | 100.0 |   N/A |   N/A | 100.0 |  76.0
       Dungeon | 100.0 | 100.0 |   N/A |   N/A | 100.0 |  76.0
               +-------+-------+-------+-------+-------+----------------------

Table legend: (Time is in decaauts)
 A = Elapsed time spent in this place.
 B = Non-inter-level travel time spent in this place.
 C = Inter-level travel time spent in this place.
 D = Time resting spent in this place.
 E = Time spent auto-exploring this place.
 F = Levels seen in this place.
 G = Mean time per level.
                   A        B        C        D        E       F      G
               +--------+--------+--------+--------+--------+-----+--------+
         Total |   1948 |   1915 |     33 |     44 |   1603 |   2 |  974.0 |
       Dungeon |   1948 |   1915 |     33 |     44 |   1603 |   2 |  974.0 |
               +--------+--------+--------+--------+--------+-----+--------+

Top non-repeatable levels by time:
     D:1: 1399 daAuts
     D:2: 549 daAuts
